 Dungeon Crawl Stone Soup version 0.21.0 (webtiles) character file.

151 theswoord the Cudgeler (level 5, -2/34 HPs)
             Began as a Gargoyle Fighter on Jan 6, 2018.
             Slain by Sigmund
             ... wielding a +0 scythe
              (5 damage)
             ... on level 3 of the Dungeon.
             The game lasted 00:04:10 (1589 turns).

theswoord the Cudgeler (Gargoyle Fighter)           Turns: 1589, Time: 00:04:11

Health: -2/34      AC: 11    Str: 24    XL:     5   Next: 33%
Magic:  1/1        EV:  9    Int: 13    God:
Gold:   157        SH:  0    Dex: 10    Spells: 4/4 levels left

rFire    . . .     SeeInvis .   k - +2 whip (antimagic)
rCold    . . .     Gourm    .   (no shield)
rNeg     + . .     Faith    .   b - +1 scale mail
rPois    ∞         Spirit   .   (no helmet)
rElec    +         Reflect  .   (no cloak)
rCorr    .         Harm     .   (no gloves)
MR       .....                  (no boots)
Stlth    ..........             (no amulet)
HPRegen  0.11/turn              i - +4 ring of intelligence
MPRegen  0.07/turn              (no ring)

@: confused, mighty
A: negative energy resistance 1, electricity resistance, unbreathing,
petrification resistance, rot immunity, AC +4
a: no special abilities


You were on level 3 of the Dungeon.
You were hungry.

You visited 1 branch of the dungeon, and saw 3 of its levels.

You collected 157 gold pieces.

Inventory:

Hand Weapons
 a - a +0 flail
 j - a +0 whip
 k - a +2 antimagic whip (weapon)
Missiles
 q - 6 tomahawks of returning (quivered)
Armour
 b - a +1 scale mail (worn)
 c - a +0 shield
Jewellery
 i - a +4 ring of intelligence (left hand)
Scrolls
 n - 2 scrolls of identify
 r - 2 scrolls of remove curse
Potions
 h - 2 potions of lignification
 l - a potion of mutation {unknown}
 m - 2 potions of ambrosia {unknown}
Comestibles
 f - 4 rations
 g - 12 chunks of flesh


   Skills:
 + Level 4.5 Fighting
 * Level 4.5 Maces & Flails
 - Level 3.2 Armour
 - Level 3.2 Shields


You had 4 spell levels left.
You didn't know any spells.

Dungeon Overview and Level Annotations

Branches:
Dungeon (3/15)

Altars:
Kikubaaqudgha
Xom

Annotations:
D:3 Sigmund


Innate Abilities, Weirdness & Mutations

You are resistant to torment.
Your stone body is resilient. (AC +4)
You are immune to poison.
You resist negative energy. (rN+)
You are resistant to electric shocks. (rElec)
You can survive without breathing.
You are immune to petrification.
You are immune to rotting.


Message History

You butcher the orc corpse.
g - 12 chunks of flesh (gained 3)
Things that are here:
a short sword; an orc skeleton
Things that are here:
a short sword; an orc skeleton Sigmund the Dreaded comes into view.
He is wielding a scythe.
Sigmund barely misses you.
You are feeling hungry.
Sigmund casts a spell at you. The puff of flame hits you!
* * * LOW HITPOINT WARNING * * *
You closely miss Sigmund. Sigmund hits you with a scythe!
* * * LOW HITPOINT WARNING * * *
You hit Sigmund.
Sigmund's magic leaks into the air.
Sigmund casts a spell at you.
You are confused.
You're too confused to move!
Sigmund hits you from afar with a scythe.
You die...

........ ##.#.#..# .###..
........... ....... ... ......
......###... ..... #.###
#.##..#.#.# #.#.# #. #.#.#
..........# #.#@# #.# #.#.#
........#.# #.#.# #.# #.#.#
..##..#.#.# #.#@# #.# #.#.#
........).####.#.#. # #.# #.#.#
.......))........#..#.#.# #.#.###
......#..###.#.#.#..#.#.###.#....
.................................
....................#.#.###.#####
...##..>......................#
...##........#.#.#.####.###.#.#
.................#.####.# #.#.#


You could see Sigmund.

Vanquished Creatures
  2 orc wizards (D:3)
  3 adders (D:2)
  3 dart slugs (D:1)
  A leopard gecko (D:2)
  An orc (D:3)
  2 bat zombies (D:2)
  3 giant cockroaches
  7 goblins
  3 hobgoblins
  11 jackals
  8 bats
  7 frilled lizards
  5 kobolds
  6 rats
  2 rat zombies (D:2)
64 creatures vanquished.

Notes
Turn   | Place    | Note
-------+----------+-------------------------------------------
     0 | D:1      | theswoord the Gargoyle Fighter began the quest for the Orb.
     0 | D:1      | Reached XP level 1. HP: 14/14 MP: 1/1
    53 | D:1      | Reached XP level 2. HP: 11/19 MP: 2/2
   404 | D:1      | Reached XP level 3. HP: 24/24 MP: 3/3
   783 | D:2      | Reached XP level 4. HP: 26/29 MP: 1/4
   890 | D:2      | Found an ancient bone altar of Kikubaaqudgha.
   967 | D:2      | Found a shimmering altar of Xom.
  1565 | D:3      | Reached XP level 5. HP: 19/34 MP: 1/5
  1580 | D:3      | Noticed Sigmund
  1589 | D:3      | Slain by Sigmund

Skill      XL: |  1  2  3  4 |
---------------+-------------+-----
Maces & Flails | 3 4 |  4.5
Fighting       | 4 |  4.5
Armour         | |  3.2
Shields        | |  3.2

Action                   |  1- 3 |  4- 6 || total
-------------------------+-------+-------++-------
Melee: Flail             |    37 |       ||    37
       Whip              |    66 |   115 ||   181
  Use: Scroll            |     1 |     5 ||     6
       Potion            |       |     1 ||     1
  Eat: Chunk             |       |     2 ||     2
Armor: Scale mail        |    72 |    66 ||   138
Dodge: Dodged            |    62 |    67 ||   129

Vault maps used:
D:1:      dpeg_arrival_subterranean_lakeside_camping
D:2:      lemuel_zombie_altar_kikubaaqudgha, old_standard_altar, first_ration
D:3:      uniq_sigmund
